 Dungeon Crawl Stone Soup version 0.28.0-62-gf88900778d (webtiles) character file.

Game seed: 3118298100471620844

46 cbfl8 the Poker (level 3, 0/42 HPs)
             Began as a Merfolk Gladiator on June 21, 2023.
             Slain by a scorpion (1 damage)
             ... on level 2 of the Dungeon.
             The game lasted 00:02:29 (1821 turns).

cbfl8 the Poker (Merfolk Gladiator)                 Turns: 1821, Time: 00:02:30

Health: 0/42       AC: 21    Str: 16    XL:     3   Next: 68%
Magic:  3/3        EV:  2    Int:  7    God:
Gold:   14         SH:  0    Dex: 15    Spells: 2/2 levels left

rFire   + . .      SeeInvis .   a - +0 trident
rCold   + + .      Faith    .   (no shield)
rNeg    . . .      Spirit   .   (armour currently unavailable)
rPois   +          Reflect  .   (helmet currently unavailable)
rElec   +          Harm     .   (cloak currently unavailable)
rCorr   +          Rampage  .   (gloves currently unavailable)
Will    .....      NoTele   +   (boots currently unavailable)
Stlth   ++........              (no amulet)
HPRegen 0.14/turn               g - ring of protection from cold
MPRegen 0.08/turn               (no ring)

@: lethally poisoned (0 -> -1), tree-form, resistant
A: stationary, stasis, torment immunity, boosted hp, (nimble swimmer 2),
(mertail)
a: no special abilities


You were on level 2 of the Dungeon.
You were a tree.
You visited 1 branch of the dungeon, and saw 2 of its levels.

You collected 14 gold pieces.

Inventory:

Hand Weapons
 a - a +0 trident (weapon)
Missiles
 d - 3 throwing nets (quivered)
Armour
 c - a +0 helmet (melded)
 f - a +0 ring mail (melded)
Jewellery
 g - a ring of protection from cold (left branch)
Scrolls
 b - a scroll of identify {unknown}


   Skills:
 * Level 2.4 Fighting
 + Level 4.9 Polearms
 - Level 2.0 Throwing
 * Level 0.5 Armour
 * Level 4.8 Dodging
 * Level 1.0 Stealth
 * Level 0.9 Evocations


You had 2 spell levels left.
You didn't know any spells.
Your spell library contained the following spells:

 Spells                   Type           Power      Damage    Failure   Level
 Slow                     Hex            0%         N/A       43%         1
 Confusing Touch          Hex            0%         N/A       80%         3
 Vampiric Draining        Necr           0%         2d6       80%         3


Dungeon Overview and Level Annotations

Branches:
Dungeon (2/15)

Altars:
Elyvilon


Innate Abilities, Weirdness & Mutations

You are a tree.
Your roots penetrate the ground, keeping you stationary.
You cannot be teleported.
You are immune to unholy pain and torment.
Your maximum health is greatly increased.
Your equipment is partially melded.
((You are very nimble when in or above water. (Stealth+, EV+, Speed+++)))
((Your lower body shifts to a powerful aquatic tail in water.))


Message History

You barely miss the scorpion. The scorpion barely misses you.
A scorpion is nearby!
Sorry, you're not good enough to have a special ability.
Okay, then.
It was a potion of curing.
You feel better. The scorpion stings you.
It was a potion of resistance.
You feel protected. The scorpion stings you.
You are poisoned.
The scorpion poisons you!
It was a potion of lignification.
You turn into a tree.
Your +0 helmet melds into your body.
Your +0 ring mail melds into your body.
Your roots penetrate the ground.
You feel very sick. The scorpion stings you!
The scorpion stings you but does no damage.
You closely miss the scorpion.
You feel very sick.
The scorpion stings you but does no damage.
You hit the scorpion but do no damage.
You feel sick.
The scorpion stings you but does no damage.
You hit the scorpion.
The scorpion is moderately wounded.
You feel sick.
The scorpion stings you but does no damage.
You completely miss the scorpion.
The scorpion is moderately wounded.
You feel sick. The scorpion stings you!
* * * LOW HITPOINT WARNING * * *
The scorpion stings you!
* * * LOW HITPOINT WARNING * * *
You barely miss the scorpion.
The scorpion is moderately wounded.
You feel sick. The scorpion stings you.
* * * LOW HITPOINT WARNING * * *
You hit the scorpion but do no damage.
The scorpion is moderately wounded.
* * * LOW HITPOINT WARNING * * *
You feel sick. The scorpion stings you.
You die...

#..<..#.###+#....#
#.# #.....#.#
.#.#### #.#
#.....#.###.....
#.#
#....##.........
#.# ... ..........
#.# #......^.# #.#
# #........# #.#
#.##s.......#####.#
#...♣.......#.....#
####........#.....#
#........#.....###
#........#........
#........#....#...
#........#........
###......#........
#......#........
#......#........


You could see a scorpion.

Vanquished Creatures
  An adder (D:2)
  2 worms (D:2)
  A dart slug (D:2)
  2 bats (D:2)
  4 endoplasms
  6 giant cockroaches
  4 goblins
  A hobgoblin (D:1)
  A quokka (D:2)
  4 kobolds
  A rat (D:2)
27 creatures vanquished.

Notes
Turn   | Place    | Note
-------+----------+-------------------------------------------
     0 | D:1      | cbfl8 the Merfolk Gladiator began the quest for the Orb.
     0 | D:1      | Reached XP level 1. HP: 16/16 MP: 1/1
   343 | D:1      | Reached XP level 2. HP: 22/22 MP: 2/2
   356 | D:1      | Found a faded altar of an unknown god.
   372 | D:1      | Prayed at the altar of an unknown god.
   372 | D:1      | Became a worshipper of Elyvilon the Healer
   372 | D:1      | Reached * piety under Elyvilon
   697 | D:2      | Fell from the grace of Elyvilon
  1006 | D:2      | Reached XP level 3. HP: 20/28 MP: 3/3
  1528 | D:2      | Reached skill level 1 in Stealth
  1809 | D:2      | Noticed a scorpion
  1820 | D:2      | HP: 2/42 [scorpion (2)]
  1821 | D:2      | Slain by a scorpion

Illustrated notes

Levels and vault maps discovered:
D:1:      scummos_arrival_simple_crosswalls, layout_basic,
          ebering_ecumenical_altar_sacrificial, minmay_misc_feat_x
D:2:      layout_basic

Skill      XL: |  1  2  3 |
---------------+----------+-----
Stealth        | 1 |  1.0
Fighting       | |  2.4
Polearms       | |  4.9
Throwing       | |  2.0
Armour         | |  0.5
Dodging        | |  4.8
Evocations     | |  0.9

Action                   || total
-------------------------++-------
Melee: Trident           ||   118
       Punch             ||     2
Invok: Renounce Religion ||     1
  Use: Scroll            ||     1
       Potion            ||     3
Armor: Leather armour    ||    24
       Ring mail         ||     6
       Skin              ||     4
Dodge: Dodged            ||    96
